[Event "European Rapid Championship 2021"]
[Site "Katowice"]
[Date "2021.12.19"]
[Round "9.4"]
[White "Budrewicz, Krzysztof"]
[Black "Kacprzak, Karol"]
[Result "0-1"]
[ECO "E15"]
[WhiteElo "2281"]
[BlackElo "2038"]
[Annotator "ChessBase"]
[PlyCount "292"]
[EventDate "2021.12.18"]
[EventType "swiss"]
[EventCountry "POL"]
[SourceTitle "playchess.com"]
[Source "ChessBase"]
[SourceQuality "1"]
[TimeControl "900+10"]

1. d4 Nf6 2. c4 e6 3. Nf3 b6 4. g3 Bb7 5. Bg2 c5 6. d5 exd5 7. cxd5 Bxd5 8.
Nc3 Bc6 9. O-O Be7 10. Re1 O-O 11. e4 d6 12. Bf4 Re8 13. a4 Bf8 14. Nd2 Na6 15. Nc4 Nb4 16. Bxd6 Bxd6 17. Nxd6 Re6 18. e5 Bxg2 19. Kxg2 Ne8 20. Ncb5 Qe7 21. Qf3 Rd8 22. Rad1 a6 23. Nf5 Qg5 24. h4 Rxd1 25. hxg5 Rxe1 26. Nfd6 Re7 27. Nxe8 Rxe8 28. Nd6 Rf8 29. Qc3 Re2 30. Nf5 Nd5 31. Qd3 Rxe5 32. Kh3 Ne7 33. Ne3 Rxg5 34. Qxa6 Rg6 35. Qb7 Re6 36. Nc4 Nc8 37. Kg2 Nd6 38. Nxd6 Rxd6 39. Qc7 Re6 40. b3 h6 41. Qb7 Rd8 42. f4 Rd2+ 43. Kh3 Rd3 44. a5 bxa5 45.
Qc8+ Kh7 46. Qxc5 g6 47. f5 Rf6 48. fxg6+ Rxg6 49. Qf5 Rdxg3+ 50. Kh2 Kg8 51. Qxa5 Rxb3 52. Qd8+ Kh7 53. Qd5 Rb2+ 54. Kh1 Rf2 55. Qe5 Rff6 56. Qe4 Kg7 57. Qe5 Rg5 58. Qd4 Kg6 59. Qe4+ Rff5 60. Kh2 Kg7 61. Qd4+ Kg6 62. Qe4 Kg7 63. Qd4+ Rf6 64. Kh1 Rgg6 65. Kh2 Kh7 66. Qe4 Re6 67. Qf5 Kg8 68. Qd3 Re5 69. Qd8+ Kh7 70. Qd1 Rf5 71. Qe2 Rfg5 72. Kh3 Re6 73. Qd3+ Kg8 74. Qd8+ Kg7 75. Qd4+ Kh7 76. Qd3+ Rgg6 77. Kh2 Re5 78. Qf3 Kg8 79. Qa8+ Kg7 80. Qf3 Rf6 81. Qg4+ Kh7 82. Qd1 Rf2+ 83. Kg3 Rfe2 84. Qd3+ Kg7 85. Qd4 R2e4 86. Qa1 h5 87. Qb2 Kg6 88. Qc2 Kg5 89. Qd2+ Re3+ 90. Kh2 f5 91. Qd8+ Re7 92. Qg8+ Kf4 93. Qc4+ R3e4 94. Qc1+ Re3 95. Qf1+ Kg5 96. Qg1+ Kf6 97. Qa1+ Kg6 98. Qg1+ Kf6 99. Qa1+ R7e5 100. Qd4 Kg5 101. Qd8+ Kg4 102. Qd4+ f4 103.
Qd7+ Kf3 104. Qc6+ Kf2 105. Qb6 Kf1 106. Qb1+ Kf2 107. Qb4 f3 108. Qd2+ Re2 109. Qd4+ R5e3 110. Qh4+ Kf1+ 111. Kh1 f2 112. Kh2 Rd2 113.
Qc4+ Ke1 114. Qc1+ Ke2 115. Qc4+ Rdd3 116. Qa2+ Ke1 117. Qa1+ Rd1 118. Qa5+ Ke2 119. Qxh5+ Kd2 120. Qa5+ Kd3 121.
Qa3+ Ke4 122. Qa4+ Rd4 123. Qc2+ Kf3 124. Qf5+ Rf4 125. Qd5+ Ree4 126. Qd1+ Ke3 127. Qc1+ Kd3 128. Qd1+ Kc3 129.
Qc1+ Kd4 130. Qd2+ Kc4 131. Qc2+ Kd5 132. Qd3+ Ke5 133. Qc3+ Kf5 134. Qc5+ Kg4 135. Qc8+ Rf5 136. Qg8+ Kf3 137.
Qb3+ Re3 138. Qd1+ Ke4 139. Qc2+ Ke5 140. Qc5+ Ke4 141. Qc2+ Rd3 142. Qe2+ Kd4 143. Qg4+ Ke5 144. Qe2+ Kf6 145.
Qb2+ Kg6 146. Qc1 Rh3+ 0-1

[Event "European Rapid Championship 2021"]
[Site "Katowice"]
[Date "2021.12.19"]
[Round "9.5"]
[White "Mirzoev, Emil"]
[Black "Krasenkow, Michal"]
[Result "0-1"]
[ECO "A28"]
[WhiteElo "2418"]
[BlackElo "2576"]
[Annotator "ChessBase"]
[PlyCount "82"]
[EventDate "2021.12.18"]
[EventType "swiss"]
[EventCountry "POL"]
[SourceTitle "playchess.com"]
[Source "ChessBase"]
[SourceQuality "1"]
[TimeControl "900+10"]

1. c4 e5 2. Nc3 Bb4 3. Qc2 Nf6 4. Nf3 Nc6 5. e3 Bxc3 6.
bxc3 e4 7. Nd4 O-O 8. Be2 Ne5 9. f4 Ng6 10. d3 Re8 11. O-O d6 12. f5 exd3 13.
Bxd3 Ne5 14. Be2 b6 15. Bf3 Rb8 16. e4 Ba6 17. Bg5 Bxc4 18.
Be2 Bxe2 19. Nxe2 Ned7 20. Nf4 Qe7 21. Rae1 Qe5 22. Nd3 Qb5 23. Nf2 Qc4 24. Re3 d5 25. Bxf6 Nxf6 26. e5 d4 27. Ree1 Nd5 28. Qe4 Nxc3 29. Qg4 Kh8 30. Nh3 Qd5 31. Nf4 Qc5 32. Nh5 Rg8 33. e6 d3+ 34. Kh1 fxe6 35. Rxe6 d2 36. Nf4 Rgf8 37. Qh3 d1=Q 38. Rxd1 Nxd1 39. Ng6+ Kg8 40. Ne7+ Qxe7 41. Qb3 Qf7 0-1

[Event "European Rapid Championship 2021"]
[Site "Katowice"]
[Date "2021.12.19"]
[Round "9.5"]
[White "Pacuszka, Tomasz"]
[Black "Szwed, Jacek"]
[Result "1-0"]
[ECO "C02"]
[WhiteElo "2193"]
[BlackElo "2372"]
[Annotator "NA"]
[PlyCount "91"]
[EventDate "2021.12.18"]
[EventType "swiss"]
[EventCountry "POL"]
[SourceTitle "playchess.com"]
[Source "ChessBase"]
[SourceQuality "1"]
[TimeControl "900+10"]

1. e4 e6 2. d4 d5 3. e5 c5 4. c3 Nc6 5. Nf3 Bd7 6. Be2 Rc8 7. O-O a6 8. Na3 cxd4 9. cxd4 Bxa3 10. bxa3 Nge7 11. Rb1 Na5 12. a4 Nc4 13. Rxb7 Bc6 14. Rb1 Qd7 15. Bd3 Bxa4 16. Qe2 O-O 17. Re1 Nc6 18. h4 Qa7 19. Be3 N6a5 20. Rb4 Bb5 21. a4 Bc6 22. Bxh7+ Kxh7 23. Ng5+ Kg8 24. Qh5 Rfd8 25. Qh7+ Kf8 26. Qh8+ Ke7 27. Qxg7 Rf8 28. Nh7 Nxe3 29. Rxe3 Rg8 30. Qh6 Rg6 31. Qh5 Rh8 32. Rg3 Kd8 33. Rxg6 fxg6 34. Qg5+ Kc8 35. Nf6 Nc4 36. Qg4 Qe7 37. Rb1 Bxa4 38. Nxd5 Qd7 39. Nf4 Re8 40. Nxg6 Bc6 41. h5 Bd5 42. Nf4 Kc7 43. Rc1 Qf7 44. Qg3 Rg8 45. Nxd5+ exd5 46. e6+ 1-0

[Event "European Rapid Championship 2021"]
[Site "Katowice"]
[Date "2021.12.19"]
[Round "9.6"]
[White "Gumularz, Szymon"]
[Black "Fridman, Daniel"]
[Result "1/2-1/2"]
[ECO "B12"]
[WhiteElo "2452"]
[BlackElo "2626"]
[Annotator "ChessBase"]
[PlyCount "103"]
[EventDate "2021.12.18"]
[EventType "swiss"]
[EventCountry "POL"]
[SourceTitle "playchess.com"]
[Source "ChessBase"]
[SourceQuality "1"]
[TimeControl "900+10"]

1. e4 c6 2. d4 d5 3. e5 Bf5 4. h4 h5 5. Bd3 Bxd3 6. Qxd3 e6 7. Nf3 Qa5+ 8.
Nbd2 Qa6 9. c4 Nh6 10. O-O Nd7 11. b3 Nf5 12. a4 Be7 13. Ba3 c5 14. Qc3 Qc6 15. Rfd1 O-O 16. cxd5 exd5 17. Rac1 Rac8 18. Qd3 Qe6 19. Re1 Rc6 20. dxc5 Nxc5 21. Qb1 Rfc8 22. g3 Qg6 23. e6 Rxe6 24. b4 Rxe1+ 25. Nxe1 Qg4 26. Ng2 Nd4 27. bxc5 Ne2+ 28. Kh2 Nxc1 29. Qxc1 Qxa4 30. Bb2 Bxc5 31. Nf3 Qg4 32. Ne5 Qf5 33. Qd1 Qxf2 34. Nd3 Qf5 35. Nxc5 Rxc5 36. Qd4 Qf6 37. Qxc5 Qxb2 38. Qc8+ Kh7 39. Qf5+ Kg8 40. Qxh5 a5 41. Qxd5 a4 42. Qd8+ Kh7 43. Qd3+ g6 44. h5 a3 45. hxg6+ fxg6 46. Qd7+ Kh6 47. Qh3+ Kg7 48. Qd7+ Kg8 49. Qd8+ Kh7 50. Qh4+ Kg8 51. Qd8+ Kh7 52. Qh4+ 1/2-1/2

[Event "European Rapid Championship 2021"]
[Site "Katowice"]
[Date "2021.12.19"]
[Round "9.6"]
[White "Dzierzak, Radoslaw"]
[Black "Kalogeris, Ioannis"]
[Result "1/2-1/2"]
[ECO "C50"]
[WhiteElo "2075"]
[BlackElo "2357"]
[Annotator "NA"]
[PlyCount "67"]
[EventDate "2021.12.18"]
[EventType "swiss"]
[EventCountry "POL"]
[SourceTitle "playchess.com"]
[Source "ChessBase"]
[SourceQuality "1"]
[TimeControl "900+10"]

1. e4 e5 2. Nf3 Nc6 3. Bc4 Bc5 4. O-O Nf6 5. d3 O-O 6. Re1 d6 7. c3 Bb6 8. Bb3 Ne7 9. Nbd2 Ng6 10. Nf1 c6 11. Ng3 h6 12. h3 Be6 13.
Be3 Bxe3 14. Rxe3 Qb6 15. Bxe6 fxe6 16. Qc2 a5 17. a4 Rf7 18. d4 Raf8 19. dxe5 dxe5 20. Rd1 Nd7 21. Red3 Nc5 22. R3d2 Rxf3 23. gxf3 Rxf3 24. Rd8+ Kh7 25. Qe2 Rxg3+ 26.
fxg3 Nd7+ 27. Kg2 Qxd8 28. Qd2 Ngf8 29. b4 Qb6 30. Rf1 Kg8 31.
Qf2 axb4 32. Qf7+ Kh7 33. Qe7 Qe3 34. Rf7 1/2-1/2

[Event "European Rapid Championship 2021"]
[Site "Katowice"]
[Date "2021.12.19"]
[Round "9.7"]
[White "Pultinevicius, Paulius"]
[Black "Dragnev, Valentin"]
[Result "1-0"]
[ECO "E20"]
[WhiteElo "2536"]
[BlackElo "2409"]
[Annotator "ChessBase"]
[PlyCount "79"]
[EventDate "2021.12.18"]
[EventType "swiss"]
[EventCountry "POL"]
[SourceTitle "playchess.com"]
[Source "ChessBase"]
[SourceQuality "1"]
[TimeControl "900+10"]

1. d4 Nf6 2. c4 e6 3. Nc3 Bb4 4. f3 c5 5. d5 d6 6. e4 b5 7. Bd2 a6 8. a4 Bxc3 9. Bxc3 b4 10. Bd2 O-O 11. Ne2 exd5 12. cxd5 Nh5 13. Be3 f5 14. exf5 Rxf5 15. Qd2 Nd7 16. O-O-O Rf8 17. g4 Nhf6 18. Nf4 Ne5 19. Be2 Qe8 20. b3 c4 21. g5 Nh5 22. Nxh5 Qxh5 23. Qxb4 Bf5 24. Qxd6 Rfe8 25. b4 Ng6 26. Qc5 c3 27. d6 Bd7 28. a5 Qh3 29. Rde1 Rac8 30. Qd5+ Be6 31. Qd4 Qf5 32. Bxa6 Rcd8 33. Bd3 Qf7 34. Qxc3 Rxd6 35. Bc5 Rxd3 36. Qxd3 Nf4 37. Qd4 Rc8 38. Kb2 Qf5 39. Re4 Nd5 40. Qe5 1-0

[Event "European Rapid Championship 2021"]
[Site "Katowice"]
[Date "2021.12.19"]
[Round "9.7"]
[White "Dzhuguryan, Tygran"]
[Black "Godzwon, Iwo"]
[Result "1/2-1/2"]
[ECO "A46"]
[WhiteElo "2047"]
[BlackElo "2352"]
[Annotator "NA"]
[PlyCount "113"]
[EventDate "2021.12.18"]
[EventType "swiss"]
[EventCountry "POL"]
[SourceTitle "playchess.com"]
[Source "ChessBase"]
[SourceQuality "1"]
[TimeControl "900+10"]

1. d4 Nf6 2. Nf3 e6 3. e3 c5 4. Bd3 Nc6 5. a3 cxd4 6. exd4 g6 7. O-O Bg7 8. Re1 O-O 9. c3 b6 10. Bg5 Bb7 11. Nbd2 h6 12. Bf4 d5 13. h3 Nd7 14. a4 Re8 15. Nb3 Qc8 16. Qd2 h5 17. Bh6 Ba6 18.
Bxg7 Kxg7 19. Bb5 Nf6 20. Bxc6 Qxc6 21. Ne5 Qc7 22. Qf4 Re7 23. Nd2 Ne8 24. Qg5 Nd6 25. g4 Rh8 26. Kg2 Bb7 27. f3 Qd8 28.
Nf1 Qe8 29. Qf4 Qd8 30. g5 Rc7 31. Ne3 Rf8 32. h4 Nc4 33.
b3 Na5 34. b4 Nc4 35. N5xc4 dxc4 36. Qe5+ f6 37. gxf6+ Rxf6 38.
d5 Bxd5 39. Nxd5 exd5 40. Rad1 Rd7 41. Rd4 Kf7 42. Qg5 Rf5 43. Qxd8 Rxd8 44. Red1 Ke6 45. Rxc4 g5 46. Rc6+ Kd7 47. Rh6 gxh4 48. c4 Rg8+ 49. Kf2 Rgg5 50. cxd5 Rxd5 51. f4 Rgf5 52. Rxd5+ Rxd5 53. Rh7+ Kc6 54. Rxa7 Rd4 55. b5+ Kc5 56. a5 Rxf4+ 57. Kg2 1/2-1/2

[Event "European Rapid Championship 2021"]
[Site "Katowice"]
[Date "2021.12.19"]
[Round "9.8"]
[White "Durarbayli, Vasif"]
[Black "Piesik, Piotr"]
[Result "1/2-1/2"]
[ECO "B14"]
[WhiteElo "2532"]
[BlackElo "2342"]
[Annotator "ChessBase"]
[PlyCount "63"]
[EventDate "2021.12.18"]
[EventType "swiss"]
[EventCountry "POL"]
[SourceTitle "playchess.com"]
[Source "ChessBase"]
[SourceQuality "1"]
[TimeControl "900+10"]

1. e4 c6 2. d4 d5 3. exd5 cxd5 4. c4 Nf6 5. Nc3 e6 6. Nf3 Bb4 7. cxd5 Nxd5 8. Bd2 Nc6 9. Bd3 O-O 10. O-O Nf6 11. Bg5 Be7 12. a3 b6 13.
Re1 Bb7 14. Bc2 Rc8 15. Qd3 g6 16. Rad1 Nd5 17. Bh6 Re8 18.
Ba4 Nxc3 19. bxc3 Qd5 20. c4 Qh5 21. Qe3 Red8 22. d5 exd5 23.
Rxd5 Bc5 24. Qd2 Rxd5 25. cxd5 Nd4 26. Nxd4 Bxd4 27. Qxd4 Qxh6 28. Bc6 Bxc6 29. dxc6 Qf8 30. Qd7 Qd8 31. g3 Kg7 32. Qxd8 1/2-1/2

[Event "European Rapid Championship 2021"]
[Site "Katowice"]
[Date "2021.12.19"]
[Round "9.8"]
[White "Lewtak, Dominik"]
[Black "Janaszak, Dawid"]
[Result "1/2-1/2"]
[ECO "A48"]
[WhiteElo "2165"]
[BlackElo "2328"]
[Annotator "NA"]
[PlyCount "134"]
[EventDate "2021.12.18"]
[EventType "swiss"]
[EventCountry "POL"]
[SourceTitle "playchess.com"]
[Source "ChessBase"]
[SourceQuality "1"]
[TimeControl "900+10"]

1. d4 Nf6 2. Nf3 g6 3. c4 c5 4. dxc5 Na6 5. Nc3 Nxc5 6. b4 Ne6 7. e3 a5 8. bxa5 Bg7 9. Rb1 Qxa5 10. Bd2 O-O 11. Be2 Qc5 12. O-O d6 13.
Qc2 Nc7 14. Nd4 Ng4 15. Na4 Qe5 16. Bxg4 Bxg4 17. Rxb7 Ne6 18. Nc6 Qg5 19. f4 Qh5 20. Nxe7+ Kh8 21. Bc3 f6 22. Rb5 Nc5 23. Nxc5 dxc5 24. Bd4 Bd7 25. Rxc5 Qg4 26. Nd5 Ba4 27. Qc3 Ra6 28. Ra5 Rxa5 29. Qxa5 Bc6 30. Qb6 Rc8 31. h3 Qe2 32. Qb3 h5 33. Qb2 Qxc4 34. Nxf6 Ra8 35. a3 Rf8 36. e4 Bxe4 37. Rc1 Qd3 38. Rc7 Qb1+ 39. Qxb1 Bxb1 40. Rxg7 Kxg7 41. Nd7+ Kf7 42. Nxf8 Kxf8 43. a4 Ke8 44. a5 Kd7 45. Kf2 Kc6 46. a6 Bd3 47. a7 Kb7 48. Kg3 Be4 49. Kf2 Ka8 50. g4 hxg4 51. h4 Bc2 52. Kg3 Bf5 53.
Bg1 Be6 54. Be3 Bf5 55. Kf2 Be6 56. Ke2 Bc4+ 57. Kd2 Be6 58.
Kc3 g3 59. Kd4 Bb3 60. Ke5 Bc2 61. Kf6 Bd3 62. Kg5 g2 63. Kg4 Be4 64. Kg3 Kb7 65. f5 Bxf5 66. Kxg2 Bg4 67. Kg3 Bh5 1/2-1/2

[Event "European Rapid Championship 2021"]
[Site "Katowice"]
[Date "2021.12.19"]
[Round "9.9"]
[White "Tazbir, Marcin"]
[Black "Bjerre, Jonas Buhl"]
[Result "1/2-1/2"]
[ECO "A36"]
[WhiteElo "2514"]
[BlackElo "2330"]
[Annotator "ChessBase"]
[PlyCount "111"]
[EventDate "2021.12.18"]
[EventType "swiss"]
[EventCountry "POL"]
[SourceTitle "playchess.com"]
[Source "ChessBase"]
[SourceQuality "1"]
[TimeControl "900+10"]

1. c4 c5 2. g3 Nc6 3. Bg2 g6 4. Nc3 Bg7 5. e3 e6 6. Nge2 Nge7 7. Nf4 O-O 8.
O-O a6 9. b3 b5 10. Rb1 Rb8 11. Qe2 bxc4 12. Qxc4 Qa5 13. Na4 d6 14. d4 e5 15. dxe5 Nxe5 16. Qc2 Bf5 17. e4 Bd7 18. Bd2 Qc7 19. Nc3 Bb5 20.
Rfe1 N7c6 21. Nxb5 axb5 22. Bc3 Qa7 23. Red1 b4 24. Ba1 Nd4 25. Bxd4 cxd4 26. Rbc1 Ra8 27. Rd2 Bh6 28. Qd1 Rfc8 29. Rxc8+ Rxc8 30. h3 d3 31. Qb1 Rc3 32. Rd1 Qd4 33. Qb2 Qc5 34. Qd2 Rc2 35. Qe1 Qd4 36. Qe3 Qxe3 37. fxe3 Rxa2 38. Nxd3 Bxe3+ 39. Kh2 Bd2 40. Nxe5 dxe5 41. Kh1 Rb2 42. Bf1 Kg7 43. Bc4 f5 44. exf5 gxf5 45. Rf1 f4 46. gxf4 Bxf4 47. Rg1+ Kf6 48. Rg2 Bd2 49. Rf2+ Ke7 50. Bd3 h6 51. Kg2 Kd6 52. Re2 Kd5 53. Bc4+ Kd4 54. Kf3 Bc3 55. Rxb2 Bxb2 56. Ke2 1/2-1/2

[Event "European Rapid Championship 2021"]
[Site "Katowice"]
[Date "2021.12.19"]
[Round "9.9"]
[White "Walter, Szymon"]
[Black "Samborski, Henryk"]
[Result "1-0"]
[ECO "B23"]
[WhiteElo "2203"]
[BlackElo "2029"]
[Annotator "NA"]
[PlyCount "61"]
[EventDate "2021.12.18"]
[EventType "swiss"]
[EventCountry "POL"]
[SourceTitle "playchess.com"]
[Source "ChessBase"]
[SourceQuality "1"]
[TimeControl "900+10"]

1. e4 c5 2. Nc3 Nc6 3. f4 g6 4. Nf3 Bg7 5. Bb5 Nd4 6. O-O Nxb5 7. Nxb5 a6 8. Nc3 d6 9. d3 Nf6 10. Qe1 Bg4 11. Nd2 O-O 12. f5 gxf5 13.
h3 Bh5 14. exf5 d5 15. g4 Bxg4 16. hxg4 Nxg4 17. Qg3 Kh8 18. Qxg4 Bxc3 19. Kh1 Rg8 20. Qh5 Bf6 21. Nf3 Qd6 22. Bg5 Rg7 23. Rg1 Rag8 24. Bxf6 Qxf6 25. Rxg7 Rxg7 26. c3 e5 27. fxe6 fxe6 28. Rg1 Rxg1+ 29. Kxg1 b5 30. d4 cxd4 31. cxd4 1-0

[Event "European Rapid Championship 2021"]
[Site "Katowice"]
[Date "2021.12.19"]
[Round "9.10"]
[White "Kyc, Jerzy"]
[Black "Schneider, Ilja"]
[Result "1-0"]
[ECO "C41"]
[WhiteElo "2308"]
[BlackElo "2490"]
[Annotator "ChessBase"]
[PlyCount "55"]
[EventDate "2021.12.18"]
[EventType "swiss"]
[EventCountry "POL"]
[SourceTitle "playchess.com"]
[Source "ChessBase"]
[SourceQuality "1"]
[TimeControl "900+10"]

1. e4 e5 2. Nf3 d6 3. d4 exd4 4. Nxd4 Nf6 5. Nc3 Be7 6. Be2 O-O 7. O-O Re8 8. f4 Bf8 9. Bf3 c5 10. Nb3 Nc6 11. Kh1 a5 12. a4 Nb4 13.
Be3 d5 14. Bxc5 dxe4 15. Qxd8 Rxd8 16. Nxe4 Nxc2 17. Nxf6+ gxf6 18. Rac1 Be6 19. Bxf8 Bxb3 20. Be7 Rd7 21. Bxf6 Bxa4 22. Bd1 Rc7 23. Rf3 Rc6 24. Rg3+ Kf8 25. Bg7+ Ke7 26. Bc3 Rd8 27. h3 Rxc3 28. Rxc3 1-0

[Event "European Rapid Championship 2021"]
[Site "Katowice"]
[Date "2021.12.19"]
[Round "9.10"]
[White "Karolczuk, Iwo"]
[Black "Paszewski, Mateusz"]
[Result "1/2-1/2"]
[ECO "D12"]
[WhiteElo "2007"]
[BlackElo "2202"]
[Annotator "NA"]
[PlyCount "33"]
[EventDate "2021.12.18"]
[EventType "swiss"]
[EventCountry "POL"]
[SourceTitle "playchess.com"]
[Source "ChessBase"]
[SourceQuality "1"]
[TimeControl "900+10"]

1. d4 d5 2. Nf3 Nf6 3. c4 c6 4. e3 Bf5 5. Bd3 Bg6 6. Qc2 e6 7. Nbd2 Nbd7 8. b3 Bd6 9. Bb2 Qe7 10. Bxg6 hxg6 11. O-O Rd8 12. e4 dxe4 13. Nxe4 Nxe4 14. Qxe4 Ba3 15. Bxa3 Qxa3 16. Rfe1 Nf6 17. Qf4 1/2-1/2

[Event "European Rapid Championship 2021"]
[Site "Katowice"]
[Date "2021.12.19"]
[Round "9.11"]
[White "Vetoshko, Volodymyr"]
[Black "Kozak, Antoni"]
[Result "1-0"]
[ECO "B13"]
[WhiteElo "2483"]
[BlackElo "2356"]
[Annotator "ChessBase"]
[PlyCount "59"]
[EventDate "2021.12.18"]
[EventType "swiss"]
[EventCountry "POL"]
[SourceTitle "playchess.com"]
[Source "ChessBase"]
[SourceQuality "1"]
[TimeControl "900+10"]

1. e4 c6 2. d4 d5 3. exd5 cxd5 4. Bd3 Nc6 5. c3 Qc7 6. h3 Nf6 7. Nf3 g6 8. O-O Bf5 9. Ne5 Nxe5 10. dxe5 Qxe5 11. Bb5+ Bd7 12. Bxd7+ Nxd7 13. Re1 Qd6 14. c4 Bg7 15. cxd5 O-O 16. Nc3 Nf6 17.
Qf3 Rfd8 18. Bf4 Qb4 19. Be5 Nh5 20. a3 Qxb2 21. Rab1 Qxa3 22. Rxb7 Rac8 23. Bxg7 Nxg7 24. Rexe7 Nf5 25. Rec7 a5 26. Qf4 Nd6 27. Nb5 Qa1+ 28. Kh2 Rxc7 29. Rxc7 Nxb5 30. Qxf7+ 1-0

[Event "European Rapid Championship 2021"]
[Site "Katowice"]
[Date "2021.12.19"]
[Round "9.11"]
[White "Kos, Pawel"]
[Black "Rozman, Monika"]
[Result "1-0"]
[ECO "D02"]
[WhiteElo "2199"]
[BlackElo "1998"]
[Annotator "NA"]
[PlyCount "145"]
[EventDate "2021.12.18"]
[EventType "swiss"]
[EventCountry "POL"]
[SourceTitle "playchess.com"]
[Source "ChessBase"]
[SourceQuality "1"]
[TimeControl "900+10"]

1. Nf3 d5 2. d4 Nf6 3. g3 Bf5 4. Bg2 e6 5. O-O Be7 6. c4 c6 7. Nc3 h6 8. Ne5 O-O 9. h3 Nbd7 10. Kh2 Nxe5 11. dxe5 Ne4 12. Nxe4 dxe4 13. Qxd8 Rfxd8 14. Be3 Bg5 15. Bxg5 hxg5 16.
Rfd1 Kf8 17. e3 Ke7 18. g4 Bg6 19. Kg1 Rac8 20. Kf1 c5 21.
Ke1 a6 22. Bf1 Rc7 23. Rxd8 Kxd8 24. Kd2 Rd7+ 25. Kc3 Kc7 26. Be2 Kc6 27. a4 Kb6 28. a5+ Kc6 29. h4 gxh4 30. Rh1 b5 31. axb6 Kxb6 32. Rxh4 Rd8 33. g5 Kc6 34. Kc2 Kb6 35. Rh1 Ka5 36. Kc3 Kb6 37. Rh2 Kc6 38. Rh4 Kb6 39. Rh1 Kc6 40. Bh5 Bxh5 41. Rxh5 Rd1 42. Rh4 Rg1 43. Rf4 Rxg5 44. Rxf7 Rxe5 45. Rxg7 Rf5 46. Ra7 Kb6 47. Rd7 Kc6 48. Rd2 Rf8 49. b3 Rf6 50. Ra2 Kb6 51. Rd2 Ka5 52. Rd6 Rxf2 53. Rxe6 Rf1 54. Rxe4 Rc1+ 55. Kb2 Rh1 56. Re6 Kb4 57. Rb6+ Ka5 58. Rb8 Re1 59. Re8 Kb4 60. Kc2 Re2+ 61. Kd3 Rb2 62. Rb8+ Ka3 63. e4 a5 64. Rb5 Rb1 65. Rxa5+ Kb2 66. Rxc5 Rd1+ 67. Ke2 Rd4 68. Ke3 Rd1 69. Rb5 Kc3 70. e5 Re1+ 71. Kf4 Kd4 72. Kf5 Rxe5+ 73. Rxe5 1-0

[Event "European Rapid Championship 2021"]
[Site "Katowice"]
[Date "2021.12.19"]
[Round "9.12"]
[White "Budzisz, Adrian"]
[Black "Danielyan, Vahe"]
[Result "0-1"]
[ECO "B24"]
[WhiteElo "1985"]
[BlackElo "2198"]
[Annotator "NA"]
[PlyCount "60"]
[EventDate "2021.12.18"]
[EventType "swiss"]
[EventCountry "POL"]
[SourceTitle "playchess.com"]
[Source "ChessBase"]
[SourceQuality "1"]
[TimeControl "900+10"]

1. e4 c5 2. Nc3 Nc6 3. Bb5 Nd4 4. Nge2 e6 5. Nxd4 cxd4 6.
Ne2 g6 7. O-O Bg7 8. f4 Ne7 9. Bd3 d6 10. b3 O-O 11. Bb2 Nc6 12. a3 Qh4 13.
Ng3 Bd7 14. Rf2 e5 15. f5 Bh6 16. Qf3 Ne7 17. Re1 Kh8 18. a4 gxf5 19. Nxf5 Nxf5 20. exf5 Bc6 21. Be4 Rg8 22. Bxc6 bxc6 23. Qxc6 Rac8 24. Qxd6 Bf4 25. Kf1 Rgd8 26. Qa6 Bxh2 27. g3 Bxg3 28. Re4 Qh1+ 29. Ke2 Qxe4+ 30. Kf1 Rc6 0-1

[Event "European Rapid Championship 2021"]
[Site "Katowice"]
[Date "2021.12.19"]
[Round "9.13"]
[White "Kovalenko, Igor"]
[Black "Grabarczyk, Miroslaw"]
[Result "1/2-1/2"]
[ECO "D31"]
[WhiteElo "2649"]
[BlackElo "2373"]
[Annotator "ChessBase"]
[PlyCount "256"]
[EventDate "2021.12.18"]
[EventType "swiss"]
[EventCountry "POL"]
[SourceTitle "playchess.com"]
[Source "ChessBase"]
[SourceQuality "1"]
[TimeControl "900+10"]

1. d4 d5 2. c4 e6 3. Nc3 Be7 4. Bf4 Nf6 5. e3 O-O 6. a3 Nbd7 7. Nb5 Ne8 8. Nf3 c6 9. Nc3 Nef6 10. h3 c5 11. cxd5 Nxd5 12. Nxd5 exd5 13. dxc5 Nxc5 14. Rc1 Ne6 15. Be5 Bf6 16. Bc3 Bxc3+ 17. Rxc3 Qb6 18. Rb3 Qa5+ 19. Rb4 d4 20. Nxd4 Nxd4 21. Qxd4 Rd8 22. Qf4 Qc5 23. Rc4 Qa5+ 24. Rb4 Qc5 25. Bc4 Be6 26. O-O a5 27. Bxe6 axb4 28. Bxf7+ Kh8 29. axb4 Qd6 30. Qxd6 Rxd6 31. b5 Rd2 32. b3 g6 33. e4 Raa2 34. h4 Kg7 35. Bd5 b6 36. g3 Kf6 37. Kg2 Ke5 38.
Kf3 h6 39. Bc4 Rdc2 40. Bf7 g5 41. hxg5 hxg5 42. Bc4 Rab2 43. Bd5 Ra2 44. Bc4 Rab2 45. Bg8 Ra2 46. Bd5 Rab2 47. Bc4 Ra2 48.
Ke3 Rc3+ 49. Bd3 g4 50. f4+ gxf3 51. Rxf3 Rxb3 52. Rf5+ Ke6 53. Rd5 Rg2 54. Kf3 Rd2 55. Ke3 Rg2 56. Kf4 Rf2+ 57. Kg4 Rc3 58. Rd8 Ke7 59. Rd5 Rd2 60. Bc4 Rxd5 61. Bxd5 Rc5 62. Bc6 Kf6 63. Kf4 Re5 64. Bd5 Rg5 65. g4 Re5 66. Bc6 Rg5 67. Bd7 Rc5 68.
Be8 Re5 69. Bc6 Rg5 70. Bd7 Rc5 71. Be8 Re5 72. Bc6 Rg5 73.
Bd5 Re5 74. Bc6 Rg5 75. Bd7 Rc5 76. Ke3 Ke5 77. g5 Rc3+ 78.
Kf2 Kxe4 79. g6 Kf4 80. Be8 Rg3 81. Bf7 Rg5 82. Ke2 Ke4 83.
Be8 Ke5 84. Kd3 Rg3+ 85. Kc4 Rg4+ 86. Kd3 Kd6 87. Kc3 Kd5 88. Kd3 Rg3+ 89. Ke2 Ke6 90. Kf2 Rg5 91. Kf3 Kf6 92. Kf4 Rf5+ 93. Kg4 Re5 94. Bf7 Rxb5 95. Kf4 Rg5 96. Ke4 Ke7 97. Kf4 Rg1 98. Ke5 Rg5+ 99. Kf4 Kf6 100. Ke4 Rc5 101. Kd4 Rc8 102. Kd3 b5 103. Kd2 b4 104. Kd3 Rc3+ 105. Kd2 Rg3 106. Kc2 Ke5 107. Kb2 Kd4 108. Kc2 Kc5 109. Kb2 Kb5 110. Be8+ Ka5 111. Bf7 Rg5 112. Kb3 Kb5 113. Be8+ Kc5 114. Bf7 Rg3+ 115. Kb2 Kb6 116. Be8 Ka5 117. Bf7 Kb6 118. Be8 Ka5 119. Bf7 Rg1 120. Be8 Rg2+ 121. Kb3 Rg3+ 122. Kb2 b3 123. Ka3 Kb6 124. Bf7 Kc5 125. Bxb3 Rxg6 126. Bf7 Rg7 127. Be6 Rg3+ 128. Kb2 Kb4 1/2-1/2

[Event "European Rapid Championship 2021"]
[Site "Katowice"]
[Date "2021.12.19"]
[Round "9.13"]
[White "Galuszka, Tomasz"]
[Black "Przybylski, Wojciech"]
[Result "1/2-1/2"]
[ECO "C42"]
[WhiteElo "1886"]
[BlackElo "2321"]
[Annotator "NA"]
[PlyCount "122"]
[EventDate "2021.12.18"]
[EventType "swiss"]
[EventCountry "POL"]
[SourceTitle "playchess.com"]
[Source "ChessBase"]
[SourceQuality "1"]
[TimeControl "900+10"]

1. e4 e5 2. Nf3 Nf6 3. Nxe5 d6 4. Nf3 Nxe4 5. d4 d5 6. Bd3 Bd6 7. O-O O-O 8. c4 c6 9. Nc3 Nxc3 10. bxc3 Bg4 11. Rb1 dxc4 12. Bxc4 b5 13. Be2 Qc7 14. h3 Be6 15. a4 a6 16. Ng5 Bd5 17. Qc2 g6 18.
c4 bxc4 19. Bxc4 Bxc4 20. Qxc4 Nd7 21. Ne4 a5 22. Rb3 Rab8 23. Bh6 Rfe8 24. Rf3 Re7 25. Nxd6 Qxd6 26. Bf4 Qb4 27. Qxc6 Rb6 28. Qc8+ Kg7 29. Qc1 Re8 30. Bh6+ Kg8 31. Re3 Rbb8 32. Rxe8+ Rxe8 33. d5 Qxa4 34. Re1 Nf6 35. d6 Qd7 36. Rxe8+ Nxe8 37. Bf4 a4 38. Qa3 Kg7 39. h4 f6 40. Qc5 h6 41. Bg3 Kf7 42. Qc4+ Kg7 43.
Qc5 Kf7 44. Qc4+ Kg7 45. Qc5 h5 46. Kh2 Kf7 47. Qc4+ Kf8 48.
Qe4 Kf7 49. Qc4+ Kf8 50. Qe4 Kf7 51. Qc4+ Kg7 52. Qc5 Kf8 53. Qb4 Ng7 54. Qb8+ Kf7 55. Qc7 Ke8 56. Qb8+ Kf7 57. Qc7 Ke8 58. Qb8+ Kf7 59. Qc7 Ke8 60. Qb8+ Kf7 61. Qc7 Ke8 1/2-1/2